 Dungeon Crawl Stone Soup version 0.30-a0-12-gd8047c6341 (webtiles) character file.

Game seed: 1505371205993529470

327580 enile the Eclecticist (level 22, -5/264 HPs)
             Began as a Djinni Fire Elementalist on Aug 24, 2022.
             Was a Priest of Ashenzari.
             Killed from afar by a frost giant (70 damage)
             ... with a bolt of cold
             ... on level 3 of the Depths.
             The game lasted 01:36:33 (44430 turns).

enile the Eclecticist (Djinni Fire Elementalist)   Turns: 44430, Time: 01:36:34

Health: -5/264     AC: 20    Str: 19    XL:     22   Next: 64%
Gold:   3046       EV: 17    Int: 31    God:    Ashenzari [***...] SH:  5 Dex: 19

rFire   + + +      SeeInvis +      - Unarmed
rCold   x . .      Faith    .    (shield currently unavailable)
rNeg    + . .      Spirit   .    (body armour currently unavailable)
rPois   ∞          Reflect  +    (helmet currently unavailable)
rElec   +          Harm     .    (cloak currently unavailable)
rCorr   .          Rampage  .    (gloves currently unavailable)
Will    ++...      Clarity  +    (boots unavailable)
Stlth   +++.......               J - amulet of Ashenzari's Yoke {Reflect +Blink Regen+ Dex+4 SH+5, Cun, Self} (curse)
HPRegen 1.34/turn                c - ring of Rufoemah {rF+ AC+4 Str+4}
MPRegen 0.00/turn                V - ring of Ashenzari's Annoyance {rElec rN+ Str-4 Int+6 Slay+3, Self, Evo} (curse)

@: dragon-form, flying, studying 2 skills
A: dragon claw, dragon scales, breathe fire, flying, boosted hp, sickness
immunity, giant, (fire resistance 3), (cold vulnerability 1), float, innate
caster, HP casting, extra vitality 1, (camouflage 1), (shaggy fur 1)
}: 2/15 runes: serpentine, barnacled
a: Breathe Fire, End Transformation, Renounce Religion, Evoke Blink, Curse Item,
Shatter the Chains


You were on level 3 of the Depths.
You worshipped Ashenzari.
Ashenzari was most pleased with you.
You were a fearsome dragon!
You visited 7 branches of the dungeon, and saw 36 of its levels.
You also visited: Bailey and Ice Cave.

You collected 7318 gold pieces.
You spent 4272 gold pieces at shops.

Inventory:

Hand Weapons
 L - the +7 great mace "Undeadhunter" {disrupt, rN+}
   (You found it on level 3 of the Elven Halls)

   It inflicts significantly more damage against the undead.
   rN:        It protects you from negative energy.
Missiles
 P - 14 throwing nets
Armour
 l - the +0 helmet of Deacen {rC+}
   (You found it on level 3 of the Elven Halls)

   rC:        It protects you from cold.
 m - a +0 hat of stealth
 u - an orb of wrath (melded)
 v - the cursed +0 helmet "Eternal Secrets" (melded) {rCorr Dex+2, Melee, Cun}
   (You found it on level 3 of the Elven Halls)

   Dex:       It affects your dexterity (+2).
   rCorr:     It protects you from acid and corrosion.
   It has a curse which improves the following skills: Melee Combat: Short
   Blades, Long Blades, Axes, Maces & Flails, Polearms, Staves and Unarmed
   Combat.
   Cunning:   Dodging and Stealth.
 w - the cursed +4 skin of Zhor (melded) {*Englaciate rC+++ SInv, Fort, Cun}
   (You found it in an ice cave)

   It radiates cold, occasionally slowing all nearby creatures who are not
   resistant to cold.
   rC:        It renders you almost immune to cold.
   SInv:      It lets you see invisible.
   It has a curse which improves the following skills: Fortitude: Armour and
   Shields.
   Cunning:   Dodging and Stealth.
 K - a +2 robe of willpower
Magical Staves
 p - a staff of fire
Jewellery
 c - the ring of Rufoemah (left foreclaw) {rF+ AC+4 Str+4}
   (You took it off a deep elf death mage on level 3 of the Elven Halls)

   [ring of protection]

   AC:        It affects your AC (+4).
   Str:       It affects your strength (+4).
   rF:        It protects you from fire.
 H - the ring of Zeyji {rElec rF+}
   (You acquired it on level 9 of the Dungeon)

   [ring of protection from fire]

   rF:        It protects you from fire.
   rElec:     It insulates you from electricity.
 J - the cursed amulet of Ashenzari's Yoke (around neck) {Reflect +Blink Regen+ Dex+4 SH+5, Cun, Self}
   (You acquired it in a bailey)

   [amulet of reflection]

   It reflects blocked missile attacks.
   Dex:       It affects your dexterity (+4).
   +Blink:    It lets you blink.
   Regen:     It increases your rate of health regeneration.
   SH:        It affects your SH (+5).
   It has a curse which improves the following skills: Cunning: Dodging and
   Stealth.
   Introspection: Fighting and Spellcasting.
 V - the cursed ring of Ashenzari's Annoyance (right foreclaw) {rElec rN+ Str-4 Int+6 Slay+3, Self, Evo}
   (You found it on level 5 of the Lair of Beasts)

   [ring of intelligence]

   Str:       It affects your strength (-4).
   Int:       It affects your intelligence (+6).
   Slay:      It affects your accuracy & damage with ranged weapons and melee
   (+3).
   rElec:     It insulates you from electricity.
   rN:        It protects you from negative energy.
   It has a curse which improves the following skills: Introspection: Fighting
   and Spellcasting.
   Evocations: Evocations.
Wands
 d - a wand of charming (35)
 r - a wand of digging (12)
 t - a wand of acid (10)
 B - a wand of mindburst (7)
 F - a wand of flame (29)
 Q - a wand of roots (12)
 S - a wand of polymorph (8)
Scrolls
 e - 6 scrolls of fog
 f - 4 scrolls of immolation
 i - 13 scrolls of noise
 n - 7 scrolls of teleportation
 q - 6 scrolls of poison
 z - 3 scrolls of fear (quivered)
 A - 6 scrolls of enchant weapon
 I - 7 scrolls of enchant armour
 N - 3 scrolls of torment
 O - 6 scrolls of blinking
 R - 5 scrolls of magic mapping
 Z - a scroll of silence
Potions
 b - 3 potions of invisibility
 g - 4 potions of haste
 h - 2 potions of resistance
 j - 16 potions of curing
 k - 4 potions of berserk rage
 o - 8 potions of attraction
 s - 11 potions of brilliance
 C - 8 potions of lignification
 D - 6 potions of ambrosia
 E - 5 potions of might
 U - 4 potions of cancellation
 X - 4 potions of heal wounds
 Y - 5 potions of mutation
Miscellaneous
 a - a phial of floods
 x - a condenser vane (inert)
 y - a tin of tremorstones (2/2)
 M - a lightning rod (4/4)
 T - a box of beasts
 W - a phantom mirror (inert)


   Skills:
 - Level 18.3(20.5) Fighting
 - Level 3.0 Armour
 - Level 15.3(16.8) Dodging
 - Level 4.2(5.7) Stealth
 - Level 13.4 Unarmed Combat
 + Level 19.2(21.3) Spellcasting
 - Level 14.5(16.0) Evocations


You had 3 spell levels left.
You knew the following spells:

 Your Spells              Type           Power      Damage    Failure   Level
a - Irradiate             Conj/Tmut      52%        3d29      0%          5
b - Dragon Form           Tmut           52%        N/A       1%          7
c - Summon Hydra          Summ           52%        N/A       1%          7
d - Inner Flame           Hex/Fire       100%       N/A       0%          3
e - Conjure Flame         Conj/Fire      100%       6-21      0%          3
f - Shock                 Conj/Air       100%       1d9       0%          1
g - Ensorcelled Hibernat  Hex/Ice        100%       N/A       0%          2
h - Confusing Touch       Hex            100%       N/A       0%          3
i - Corpse Rot            Necr/Pois/Air  100%       N/A       0%          4
j - Alistair's Intoxicat  Tmut/Pois      70%        N/A       0%          5
k - Foxfire               Conj/Fire      100%       2x1d9     0%          1
l - Scorch                Fire           100%       2d10      0%          2
m - Enfeeble              Hex            52%        N/A       1%          7
n - Flame Wave            Conj/Fire      100%       2d21      0%          4
o - Statue Form           Tmut/Erth      70%        N/A       1%          6
Your spell library was empty.

Dungeon Overview and Level Annotations

Branches:
Dungeon (15/15)            Temple (0/1) D:5            Lair (5/5) D:10
 Shoals (4/4) Lair:3        Snake (4/4) Lair:2        Slime (0/5) Lair:5
    Orc (2/2) D:10            Elf (3/3) Orc:2        Vaults (0/5) D:14
 Depths (3/4) D:15         Bailey (visited)           IceCv (visited)

Altars:
Ashenzari
Dithmenos
Nemelex Xobeh
Okawaru
Trog
Wu Jian
Xom
Zin
The Shining One
Lugonu

Shops:
Orc:2 :!(=   Elf:1 (   Elf:2 *   Snake:2 :   Snake:4 !*   Depths:3 *

Portals:
Hell: Depths:1 Depths:2 Depths:3
Abyss: Lair:5 Depths:3
Pandemonium: Depths:1 Depths:2
Ziggurat: Depths:3

Annotations:
Lair:4 1 runed translucent door, Xutikh's ghost, journeyman SpCA
Shoals:1 6 transporters
Shoals:2 exclusion: kraken
Orc:1 2 transporters


Innate Abilities, Weirdness & Mutations

You are a fearsome dragon!
You have a powerful clawing attack.
Your giant scaled body is strong and resiliant, but less evasive.
You can breathe fire.
You are flying.
Your maximum health is greatly increased.
Your armour is entirely melded.
You are incapable of wielding weapons or throwing items.
You are immune to sickness and miasma.
You are immune to poison.
((Your flesh is almost immune to the effects of heat. (rF+++)))
((You are vulnerable to cold. (rC-)))
You float through the air rather than walking.
You learn spells naturally, not from books.
Your magical power is your life essence.
You have superior vitality. (+4 MHP)
((Your skin changes colour to match your surroundings (Stealth+).))
((You are covered in fur. (AC +1)))


Message History

The bolt of cold hits you!!!
You feel a terrible chill!
A titan comes into view.
A tengu reaver comes into view. It is wielding a +3 great sword.
You claw the frost giant!
The frost giant is lightly wounded.
The spriggan defender hits you with a +4 antimagic lajatang!
The frost giant casts a spell at you. The bolt of cold hits you!!!
You feel a terrible chill! The tengu reaver casts a spell at you.
The bolt of lightning hits you! You resist.
The spriggan defender hits you with a +4 antimagic lajatang!
You hear a shout!
You are too injured to fight recklessly!
You are too injured to fight recklessly!
You are too injured to fight recklessly!
You are too injured to fight recklessly!
You are too injured to fight recklessly!
You are too injured to fight recklessly!
You are too injured to fight recklessly!
You are too injured to fight recklessly!
You are too injured to fight recklessly!
There are monsters nearby!
The frost giant attacks as you move away!
The frost giant barely misses you.
The spriggan defender barely misses you.
The spriggan defender attacks as you move away!
The spriggan defender hits you with a +4 antimagic lajatang!!
The frost giant gestures at you while chanting.
The bolt of cold hits you!!!
You feel a terrible chill!
* * * LOW HITPOINT WARNING * * *
Aiming: Phantom Mirror
Press: ? - help, Dir - move target, f - spriggan defender
Aim: a spriggan defender, wielding a +4 antimagic lajatang and wearing a +0 robe You reflect the spriggan defender with the mirror!
The mirror clouds!
Your spriggan defender hits the spriggan defender with a +4 antimagic lajatang!
The frost giant is engulfed in freezing vapours.
The frost giant casts a spell at you. The bolt of cold hits you!!!
You feel a terrible chill!
You die...

##.........)......###
........~~~.........##
......~≈~~~~~........##
....~~≈≈≈≈~≈≈~~.......#
...≈~≈≈≈≈≈≈≈≈~~~......##
..~~~≈########≈≈~......#
.~~≈≈≈# ,,, #≈≈°~.....#
.≈≈≈≈≈# , . #≈≈≈°≈....##
~≈≈≈≈## ,..##≈D°ii....#
≈≈≈≈## , ...##≈○°~....#
~####,, #..{####C....#
≈# , #Q.....#~....# ≈#
,, , #..!..#~~...# ≈#,,,
* , #..........# ≈# ,
#..........# ≈# ,* *
#.....#~~...# ≈# ,, *
#..C...#≈....#


You could see a frost giant, a spriggan defender (distracted, ally target) and a
friendly spriggan defender (summoned, drained).

Vanquished Creatures
  2 juggernauts
  2 liches (Depths:2)
  A tentacled monstrosity (Depths:2)
  Rupert (D:15)
  2 deep elf blademasters (Elf:3)
  Gastronok (Lair:3)
  3 tengu reavers
  A storm dragon (Elf:1)
  3 nagarajas (Snake:4)
  2 fire giants
  A deep elf sorcerer (Elf:3)
  An iron dragon (Depths:3)
  6 frost giants
  2 deep elf elementalists (Elf:3)
  An orc warlord (Bailey)
  A spriggan defender (Depths:2)
  4 stone giants
  6 very ugly things
  A deep elf demonologist (Elf:1)
  2 vampire knights (Depths:2)
  3 spark wasps (Depths:1)
  5 deep elf annihilators (Elf:3)
  5 merfolk javelineers
  4 deep elf death magi
  A deep elf high priest (Elf:1)
  11 merfolk impalers
  9 ettins
  5 fire dragons
  The ghost of gebbletook2 the Cleaver, a journeyman VSFi of Sif Muna (Orc:2)
  A great orb of eyes (D:15)
  3 hydras
  4 vault guards (D:14)
  3 rakshasas
  2 salamander tyrants (Snake:4)
  2 boulder beetles
  2 ogre magi
  7 anacondas
  Erolcha (D:12)
  3 spriggan air magi
  An alligator snapping turtle (Shoals:4)
  2 catoblepae
  3 centaur warriors
  8 ice dragons
  9 two-headed ogres
  6 merfolk aquamancers
  5 tengu warriors
  3 deep troll earth magi
  17 naga warriors
  9 dancing weapons
  4 merfolk avatars
  2 deep troll shamans
  A two-headed ogre (shapeshifter) (Depths:2)
  A death yak (shapeshifter) (Depths:2)
  A vampire mage (Depths:1)
  2 spriggan berserkers
  The ghost of Newt the Covert, a novice DsGl of Dithmenos (D:10)
  5 naga sharpshooters
  5 shock serpents
  3 thrashing horrors (Lair:5)
  2 hell knights (Depths:2)
  3 orc high priests (Orc:2)
  15 deep elf knights
  Urug (Lair:5)
  Nergalle (D:11)
  Sonja (Orc:2)
  A sun demon (Depths:1)
  6 iron trolls
  2 salamander mystics
  Lodul (D:11)
  13 sea snakes
  4 naga ritualists
  3 deep trolls
  A necromancer (Depths:3)
  A kraken simulacrum (Shoals:4)
  7 deep elf archers
  8 orc knights
  A wizard (D:14)
  12 harpies
  19 ugly things
  6 mana vipers
  10 deep elf zephyrmancers
  A shining eye (shapeshifter) (Elf:3)
  14 manticores
  5 orc sorcerers
  7 fauns
  11 deep elf pyromancers
  14 salamanders
  7 cyclopes
  A fire giant skeleton (Depths:3)
  37 elephants
  2 moths of wrath
  A sphinx skeleton (Depths:3)
  6 merfolk sirens
  9 naga magi
  36 black mambas
  A water nymph (Shoals:3)
  9 guardian serpents
  4 gargoyles
  12 cane toads
  2 molten gargoyles (Lair:3)
  3 smoke demons (Lair:5)
  2 ice statues (IceCv)
  6 kobold demonologists
  2 unseen horrors (D:12)
  8 komodo dragons
  4 rime drakes
  A spectral two-headed ogre (Orc:1)
  2 freezing wraiths
  2 ancient zymes (Lair:5)
  4 tengu conjurers
  A queen bee (D:11)
  A polar bear (Lair:5)
  5 trolls
  6 hornets
  20 blink frogs
  25 merfolk
  6 wind drakes
  Grinder (D:6)
  6 dream sheep
  14 slime creatures
  10 snapping turtles
  2 spriggans
  Sigmund (D:2)
  An air elemental (Elf:2)
  15 water elementals
  3 wyverns
  A dire elephant simulacrum (IceCv)
  A shadow (D:12)
  2 fire elementals
  A fire bat (Lair:4)
  A ynoxinul (D:10)
  2 vampires (D:13)
  44 yaks
  3 wraiths
  6 basilisks
  Eustachio (D:6)
  3 chaos spawn (Lair:5)
  5 steam dragons
  12 small abominations (Lair:5)
  2 death yak simulacra (IceCv)
  12 vampire mosquitoes
  A warg (shapeshifter) (D:15)
  7 wargs
  An acid dragon (D:11)
  25 nagas
  2 large abominations (Lair:5)
  Duvessa (D:6)
  19 water moccasins
  2 glowing shapeshifter skeletons (Depths:3)
  30 orc warriors
  2 sky beasts (D:7)
  8 centaurs
  8 ogres
  A black bear (shapeshifter) (D:14)
  42 wolves
  4 kobold brigands
  8 bullfrogs
  A necrophage (D:5)
  2 earth elementals
  A gnoll sergeant (D:11)
  2 cane toad simulacra
  A scorpion (D:5)
  A glowing shapeshifter simulacrum (Depths:3)
  2 two-headed ogre simulacra (Orc:2)
  13 wights (D:8)
  Dowan (D:6)
  2 elephant simulacra
  2 orc simulacra (Orc:1)
  34 killer bees
  4 electric eels
  A spectral ogre (Orc:1)
  4 lava snakes (Lair:3)
  2 howler monkeys (D:9)
  A gnoll bouda (D:6)
  4 jellies
  3 hounds
  19 orc priests
  6 iguanas
  20 orc wizards
  Terence (D:2)
  A spectral orc (Orc:1)
  2 spriggan simulacra (Orc:2)
  2 troll simulacra (Orc:2)
  10 gnolls
  An ogre simulacrum (Orc:1)
  11 adders
  4 white imps
  An ufetubus (D:5)
  2 dart slugs
  88 orcs
  9 ball pythons
  6 bats
  9 endoplasms
  5 giant cockroaches
  11 hobgoblins
  5 quokkas
  7 frilled lizards
  16 goblins
  34 kobolds
  4 rats
  2 bushes (Shoals:3)
  A tentacle (Shoals:4)
1266 creatures vanquished.

Vanquished Creatures (collateral kills)
  Jorgrun (Elf:2)
  A tentacled monstrosity (Depths:2)
  2 deep elf master archers (Elf:3)
  2 fire giants (Depths:2)
  A nagaraja (Snake:4)
  A frost giant (Depths:2)
  A frost giant (shapeshifter) (Elf:1)
  A deep elf sorcerer (Elf:3)
  The ghost of siradein the Fighter, a journeyman DsCA of Jiyva (Orc:1)
  A deep elf elementalist (Elf:3)
  A spriggan defender (Depths:2)
  4 very ugly things
  3 stone giants (Depths:1)
  7 deep elf demonologists
  2 deep elf annihilators (Elf:3)
  An ettin (Depths:2)
  4 deep elf death magi
  A rakshasa (Depths:2)
  A deep elf high priest (Elf:1)
  An ice dragon (Elf:1)
  A spriggan air mage (Depths:2)
  A two-headed ogre (D:12)
  23 dancing weapons
  2 shock serpents (Snake:4)
  2 deep troll earth magi
  A naga sharpshooter (Snake:4)
  10 deep elf knights
  A deep troll (Depths:2)
  5 deep elf archers
  15 deep elf pyromancers
  An orc knight (Elf:1)
  18 deep elf zephyrmancers
  9 ugly things
  A salamander (Snake:4)
  A guardian serpent (Snake:4)
  2 black mambas (Snake:4)
  2 naga magi (Snake:4)
  2 hornets (Depths:1)
  2 air elementals
  2 spriggans (Depths:1)
  A water elemental (Elf:2)
  An orc simulacrum (Orc:1)
  4 fire elementals
  2 wargs (Orc:2)
  7 nagas (Snake:4)
  A floating eye (Depths:1)
  An orc warrior (Elf:1)
  2 ogres (D:15)
  A centaur (D:13)
  3 earth elementals
  An orc priest (Elf:1)
  6 orcs (Elf:1)
  6 foxfires
174 creatures vanquished.

Vanquished Creatures (others)
  A naga sharpshooter (Snake:4)
  A salamander mystic (Snake:4)
  A deep elf pyromancer (Elf:3)
  2 salamanders
  A lava snake (Lair:3)
  An orc priest (D:5)
  4 orcs
  3 bushes
  977 foxfires
  39 fungi
  121 plants
  3 tentacles (Shoals:4)
1154 creatures vanquished.

Grand Total: 2594 creatures vanquished

Notes
Turn   | Place    | Note
-------+----------+-------------------------------------------
     0 | D:1      | enile the Djinni Fire Elementalist began the quest for the
                  | Orb.
     0 | D:1      | enile set off with the following spells memorised: Foxfire,
                  | Scorch, Conjure Flame, Inner Flame, Flame Wave.
     0 | D:1      | Reached XP level 1. HP: 15/15 MP: 0/0
   139 | D:1      | Reached skill level 1 in Fighting
   141 | D:1      | Reached XP level 2. HP: 16/22 MP: 0/0
   932 | D:1      | Reached XP level 3. HP: 27/28 MP: 0/0
   932 | D:1      | Learned a level 1 spell: Shock
  1747 | D:2      | Found an iron altar of Okawaru.
  1808 | D:2      | Noticed Sigmund
  2113 | D:2      | Reached skill level 3 in Spellcasting
  2148 | D:2      | Reached XP level 4. HP: 29/33 MP: 0/0
  2336 | D:2      | Found a faded altar of an unknown god.
  2344 | D:2      | Noticed Terence
  2351 | D:2      | Prayed at the altar of an unknown god.
  2351 | D:2      | Became a worshipper of Ashenzari the Shackled
  2362 | D:2      | Killed Terence
  3258 | D:3      | Reached XP level 5. HP: 29/40 MP: 0/0
  3258 | D:3      | Learned a level 2 spell: Ensorcelled Hibernation
  3830 | D:3      | Reached XP level 6. HP: 12/47 MP: 0/0
  4968 | D:4      | Found a broken altar of Ashenzari.
  5005 | D:4      | Identified a scroll of acquirement
  5007 | D:4      | Acquired a ring of wizardry
  5307 | D:5      | Entered Level 5 of the Dungeon
  5326 | D:5      | Reached skill level 4 in Spellcasting
  5371 | D:5      | Reached XP level 7. HP: 49/54 MP: 0/0
  5371 | D:5      | Learned a level 3 spell: Confusing Touch
  5383 | D:5      | Noticed a steam dragon
  5896 | D:5      | Reached skill level 5 in Spellcasting
  5897 | D:5      | Noticed a two-headed ogre
  6035 | D:6      | Identified the +2 helmet "Hyroargh" {Dex+2}
  6124 | D:6      | Noticed Grinder
  6137 | D:6      | Killed Grinder
  6138 | D:6      | Reached XP level 8. HP: 55/59 MP: 0/0
  6196 | D:6      | Noticed Eustachio
  6230 | D:6      | Killed Eustachio
  6557 | D:6      | Noticed Dowan
  6559 | D:6      | Noticed Duvessa
  6793 | D:6      | Killed Duvessa
  6794 | D:6      | Reached skill level 5 in Dodging
  6796 | D:6      | Killed Dowan
  6887 | D:6      | Reached skill level 6 in Spellcasting
  7403 | D:5      | Found a staircase to the Ecumenical Temple.
  7514 | D:5      | Killed a two-headed ogre
  7515 | D:5      | Reached skill level 7 in Spellcasting
  7515 | D:5      | Reached XP level 9. HP: 56/65 MP: 0/0
  7515 | D:5      | Learned a level 4 spell: Corpse Rot
  7578 | D:5      | Found a shimmering altar of Xom.
  7808 | D:2      | Killed Sigmund
  8158 | D:7      | Reached skill level 5 in Evocations
  8160 | D:7      | Reached skill level 5 in Fighting
  8422 | D:7      | Reached XP level 10. HP: 63/72 MP: 0/0
  8807 | D:7      | Reached * piety under Ashenzari
  8959 | D:8      | Noticed a two-headed ogre
  9763 | D:8      | Identified the Parchment of Outbursts (You found it on
                  | level 4 of the Dungeon)
  9958 | D:8      | Killed a two-headed ogre
 10319 | D:8      | Reached skill level 1 in Armour
 10534 | D:9      | Identified the +4 plate armour of Antique Music {rPois rF+
                  | Will++ Dex-4}
 10667 | D:9      | Reached skill level 8 in Spellcasting
 10914 | D:9      | Reached XP level 11. HP: 67/85 MP: 0/0
 10914 | D:9      | Learned a level 5 spell: Alistair's Intoxication
 10958 | D:9      | Found a glowing silver altar of Zin.
 10967 | D:9      | Acquired the ring of Zeyji {rElec rF+}
 11045 | D:9      | Noticed a two-headed ogre
 11068 | D:9      | Found a flagged portal.
 11103 | Bailey   | Entered a bailey
 11206 | Bailey   | Noticed an orc warlord
 11206 | Bailey   | Identified the Codex of Elsewhere and Hoarfrost
 11244 | Bailey   | HP: 4/85 [orc warrior/+0 war axe (14)]
 11774 | Bailey   | Found a runed translucent gate.
 11775 | Bailey   | Found a runed translucent gate.
 11776 | Bailey   | Found a runed translucent gate.
 11794 | Bailey   | Reached ** piety under Ashenzari
 12357 | Bailey   | Acquired the amulet "Kiolaosk" {Reflect +Blink Regen+ Dex+4
                  | SH+5}
 12541 | Bailey   | Killed an orc warlord
 12607 | D:9      | Killed a two-headed ogre
 12712 | D:9      | Reached skill level 10 in Fighting
 13020 | D:10     | Entered Level 10 of the Dungeon
 13020 | D:10     | Found a runed translucent door.
 13024 | D:10     | Noticed Newt's ghost (novice DsGl)
 13056 | D:10     | Identified Lorairhe's Codex of Bedrock
 13175 | D:10     | Found a staircase to the Lair.
 13329 | D:10     | Found a staircase to the Orcish Mines.
 13522 | D:10     | Found a bloodstained altar of Trog.
 13561 | D:10     | Noticed a two-headed ogre
 13575 | D:10     | Killed a two-headed ogre
 13654 | D:10     | Noticed a two-headed ogre
 13665 | D:10     | Killed a two-headed ogre
 13947 | D:11     | Reached XP level 12. HP: 77/98 MP: 0/0
 14085 | D:11     | Noticed Lodul
 14091 | D:11     | Killed Lodul
 14113 | D:11     | Identified the +1 sling "Lahof" {flame, +Blink}
 14122 | D:11     | Noticed Nergalle
 14156 | D:11     | Killed Nergalle
 14157 | D:11     | Reached skill level 9 in Spellcasting
 14583 | D:11     | Noticed Harold
 14585 | D:11     | Noticed Harold
 14585 | D:11     | Harold changed into Harold the moth of wrath
 14589 | D:11     | Killed Harold the moth of wrath
 14603 | D:11     | Reached *** piety under Ashenzari
 14764 | D:11     | Reached skill level 10 in Spellcasting
 14879 | D:12     | Noticed Erolcha
 14885 | D:12     | Killed Erolcha
 15107 | D:12     | Reached XP level 13. HP: 49/106 MP: 0/0
 15107 | D:12     | Learned a level 5 spell: Irradiate
 15266 | D:12     | Noticed a boulder beetle
 15366 | D:12     | Killed a boulder beetle
 15937 | Lair:1   | Entered Level 1 of the Lair of Beasts
 15974 | Lair:1   | Reached skill level 10 in Dodging
 16074 | Lair:1   | Identified the Papyrus of the Pink Corner
 16237 | Lair:1   | Identified the +0 pair of gloves "Voamm" {rC+ Will++}
 16705 | Lair:2   | Noticed a five-headed hydra
 16715 | Lair:2   | Killed a five-headed hydra
 16871 | Lair:2   | Found a staircase to the Snake Pit.
 17229 | Lair:2   | Reached skill level 10 in Evocations
 17309 | Lair:2   | Reached XP level 14. HP: 116/116 MP: 0/0
 17909 | Lair:3   | Noticed Gastronok
 18012 | Lair:3   | Identified the +7 hand axe of Huetoo {vorpal, rElec rF+
                  | rCorr Stlth+}
 18284 | Lair:3   | Killed Gastronok
 18518 | Lair:3   | Reached skill level 11 in Spellcasting
 18754 | Lair:3   | Found a staircase to the Shoals.
 19199 | Lair:4   | Found a runed translucent door.
 19199 | Lair:4   | Found a shimmering altar of Xom.
 19199 | Lair:4   | Noticed Xutikh's ghost (journeyman SpCA)
 19199 | Lair:4   | Identified the Folio of Petrous Vitiation
 19210 | Lair:4   | Gained mutation: Potions are less effective at restoring
                  | your health. [mutagenic glow]
 19290 | Lair:4   | Identified the +10 quarterstaff of Imminent Death {vorpal,
                  | rElec rN++ Int+2}
 19541 | Lair:4   | Reached skill level 12 in Spellcasting
 20454 | Lair:5   | Entered Level 5 of the Lair of Beasts
 20497 | Lair:5   | Reached XP level 15. HP: 50/121 MP: 0/0
 20497 | Lair:5   | Learned a level 6 spell: Statue Form
 20637 | Lair:5   | Identified the ring "Qoott" {rElec rN+ Str-4 Int+6 Slay+3}
 20886 | Lair:5   | Found a staircase to the Slime Pits.
 20931 | Lair:5   | Reached skill level 1 in Unarmed Combat
 21239 | Lair:5   | Noticed Urug
 21254 | Lair:5   | Killed Urug
 21304 | Lair:5   | Reached skill level 13 in Spellcasting
 22005 | Lair:5   | Found a corrupted altar of Lugonu.
 22005 | Lair:5   | Found a one-way gate to the infinite horrors of the Abyss.
 22476 | Lair:5   | Lost mutation: Potions are less effective at restoring your
                  | health. [potion of mutation]
 22476 | Lair:5   | Gained mutation: Your body sometimes deteriorates upon
                  | taking damage. [potion of mutation]
 22654 | Orc:1    | Entered Level 1 of the Orcish Mines
 23023 | Orc:1    | Found a runed translucent gate.
 23024 | Orc:1    | Found a runed translucent gate.
 23033 | Orc:1    | Found a runed translucent gate.
 23153 | Orc:1    | Found a transporter.
 23157 | Orc:1    | Found a transporter.
 23158 | Orc:1    | Found a transporter.
 23162 | Orc:1    | Found a sparkling altar of Nemelex Xobeh.
 23162 | Orc:1    | Noticed a juggernaut
 23163 | Orc:1    | Found a transporter.
 23163 | Orc:1    | Found a transporter.
 23166 | Orc:1    | Identified the Grimoire of Flamy Excavation
 23167 | Orc:1    | Found a transporter.
 23174 | Orc:1    | Noticed siradein's ghost (journeyman DsCA)
 23233 | Orc:2    | Entered Level 2 of the Orcish Mines
 23234 | Orc:2    | Found a staircase to the Elven Halls.
 23240 | Orc:2    | Paralysed by an orc sorcerer for 3 turns
 23289 | Orc:2    | Noticed Sonja
 23294 | Orc:2    | Killed Sonja
 23295 | Orc:2    | Reached XP level 16. HP: 123/128 MP: 0/0
 23308 | Orc:2    | Found a frozen archway.
 23324 | IceCv    | Entered an ice cave
 23352 | IceCv    | Found the +4 skin of Zhor {*Englaciate rC+++ SInv}
 23354 | IceCv    | Found a transporter.
 23363 | IceCv    | Found a transporter.
 23363 | IceCv    | Identified the Precepts of the Iceberg
 23832 | Orc:2    | Found Muohodgh's Jewellery Emporium.
 23832 | Orc:2    | Found Irycui's Book Boutique.
 23834 | Orc:2    | Found Xeemeec's Weapon Emporium.
 23834 | Orc:2    | Found Ywunneph's Distillery.
 23844 | Orc:2    | Bought a potion of heal wounds for 55 gold pieces
 23844 | Orc:2    | Bought a potion of mutation for 88 gold pieces
 23844 | Orc:2    | Bought a potion of heal wounds for 55 gold pieces
 23844 | Orc:2    | Bought a potion of heal wounds for 55 gold pieces
 23844 | Orc:2    | Bought a potion of mutation for 88 gold pieces
 23885 | Orc:2    | Found a transporter.
 23892 | Orc:2    | Found a transporter.
 23896 | Orc:2    | Noticed gebbletook2's ghost (journeyman VSFi)
 23896 | Orc:2    | Identified the +12 hand axe "Courulij" {flame, rElec Str+2}
 24248 | Shoals:1 | Entered Level 1 of the Shoals
 24466 | Shoals:1 | Found a transporter.
 24469 | Shoals:1 | Found a transporter.
 24608 | Shoals:1 | Found a transporter.
 24613 | Shoals:1 | Found a transporter.
 24699 | Shoals:1 | Reached skill level 5 in Unarmed Combat
 25000 | Shoals:1 | Found a transporter.
 25003 | Shoals:1 | Found a transporter.
 25543 | Shoals:2 | Noticed a kraken
 26298 | Shoals:3 | Identified the +1 animal skin "Loufired" {Fly rCorr Stlth-}
 26893 | Shoals:4 | Entered Level 4 of the Shoals
 26902 | Shoals:4 | Reached XP level 17. HP: 133/133 MP: 0/0
 26902 | Shoals:4 | Learned a level 7 spell: Enfeeble
 27139 | Shoals:4 | Identified the +4 halberd of Hospitality {flame, rPois}
 28275 | Shoals:4 | Lost mutation: Your body sometimes deteriorates upon taking
                  | damage. [potion of mutation]
 28275 | Shoals:4 | Gained mutation: Your skin changes colour to match your
                  | surroundings (Stealth+). [potion of mutation]
 28275 | Shoals:4 | Gained mutation: Your flesh is almost immune to the effects
                  | of heat. (rF+++) [potion of mutation]
 28275 | Shoals:4 | Gained mutation: You are covered in fur. (AC +1) [potion of
                  | mutation]
 28290 | Shoals:4 | Got a barnacled rune of Zot
 28643 | Snake:1  | Entered Level 1 of the Snake Pit
 28649 | Snake:1  | Reached skill level 15 in Fighting
 28963 | Snake:1  | Reached XP level 18. HP: 70/148 MP: 0/0
 29524 | Snake:2  | Identified the +1 ring mail of Wodwe {+Inv rC+}
 29904 | Snake:2  | Found Bedih's Vocational Training.
 29975 | Snake:2  | Bought a manual of Evocations for 1280 gold pieces
 30236 | Snake:2  | Reached skill level 14 in Spellcasting
 31332 | Snake:4  | Entered Level 4 of the Snake Pit
 31526 | Snake:4  | Reached skill level 15 in Spellcasting
 31893 | Snake:4  | Got a serpentine rune of Zot
 32064 | Snake:4  | Reached XP level 19. HP: 156/156 MP: 0/0
 32064 | Snake:4  | Learned a level 7 spell: Summon Hydra
 32413 | Snake:4  | Found Gabetel's Distillery.
 32436 | Snake:4  | Bought a potion of berserk rage for 95 gold pieces
 32436 | Snake:4  | Bought a potion of berserk rage for 95 gold pieces
 32436 | Snake:4  | Bought a potion of heal wounds for 95 gold pieces
 32436 | Snake:4  | Bought a potion of heal wounds for 95 gold pieces
 32436 | Snake:4  | Bought a potion of cancellation for 152 gold pieces
 32436 | Snake:4  | Bought 2 potions of curing for 114 gold pieces
 32436 | Snake:4  | Bought 2 potions of brilliance for 152 gold pieces
 32439 | Snake:4  | Found Byful's Overcharged Wands.
 32447 | Snake:4  | Bought a wand of digging (11) for 693 gold pieces
 32875 | Elf:1    | Entered Level 1 of the Elven Halls
 32881 | Elf:1    | Reached skill level 16 in Spellcasting
 33447 | Elf:1    | Identified the +2 scale mail "Qewoil" {Will+ SInv}
 33452 | Elf:1    | Noticed an iron giant
 33452 | Elf:1    | an iron dragon changed into an iron giant
 33454 | Elf:1    | an iron giant changed into a shadow dragon
 33455 | Elf:1    | Noticed an iron giant
 33455 | Elf:1    | a shadow dragon changed into an iron giant
 33455 | Elf:1    | Paralysed by an air elemental for 1 turns
 33456 | Elf:1    | Noticed a caustic shrike
 33456 | Elf:1    | an iron giant changed into a caustic shrike
 33456 | Elf:1    | a caustic shrike changed into an alligator snapping turtle
 33458 | Elf:1    | Paralysed by an air elemental for 1 turns
 33464 | Elf:1    | Paralysed by an air elemental for 1 turns
 33466 | Elf:1    | Paralysed by an air elemental for 1 turns
 33474 | Elf:1    | Noticed an iron giant
 33474 | Elf:1    | a shadow dragon changed into an iron giant
 33478 | Elf:1    | an iron giant changed into a shadow dragon
 33481 | Elf:1    | Paralysed by an air elemental for 1 turns
 33655 | Elf:1    | Found a runed translucent gate.
 33655 | Elf:1    | Found a runed translucent gate.
 33655 | Elf:1    | Found a runed translucent gate.
 33655 | Elf:1    | Found a runed translucent gate.
 33655 | Elf:1    | Found a runed translucent gate.
 33657 | Elf:1    | Found a runed translucent gate.
 33793 | Elf:1    | Found Hubbinya's Antique Weapon Boutique.
 34096 | Elf:1    | Reached skill level 15 in Dodging
 34291 | Elf:2    | Found Worehaps's Gadget Gallery.
 34348 | Elf:2    | Bought a condenser vane for 600 gold pieces
 34563 | Elf:2    | Paralysed by an air elemental for 1 turns
 34570 | Elf:2    | Paralysed by an air elemental for 1 turns
 34895 | Elf:2    | Reached XP level 20. HP: 166/166 MP: 0/0
 35217 | Elf:2    | Found a runed translucent gate.
 35217 | Elf:2    | Found a runed translucent gate.
 35218 | Elf:2    | Found a runed translucent gate.
 35368 | Elf:2    | Noticed Jorgrun
 35377 | Elf:2    | Killed Jorgrun
 35662 | Elf:3    | Entered Level 3 of the Elven Halls
 35711 | Elf:3    | Noticed a Tzitzimitl
 35731 | Elf:3    | Noticed a Tzitzimitl
 35759 | Elf:3    | Noticed an Ice Fiend
 35811 | Elf:3    | Identified the +5 war axe "Puruit" {vorpal, rF+ Str-3 Dex+2
                  | Stlth+}
 35964 | Elf:3    | Reached skill level 17 in Spellcasting
 35973 | Elf:3    | Identified the +6 scale mail "Gekoiske" {Dex+4}
 35973 | Elf:3    | Identified the ring "Kilub" {rPois rC+ rCorr}
 36108 | Elf:3    | Identified the +11 whip of Bread {freeze, Dex+5}
 36446 | Elf:3    | Identified the +11 trident of Intimidation {venom, rC+ rN+
                  | Str-2 Int+4}
 36613 | Elf:3    | Identified the ring of Rufoemah {rF+ AC+4 Str+4}
 36635 | Elf:3    | Identified the Octavo of the Remoulded Flock
 36637 | Elf:3    | Identified the +0 helmet of Deacen {rC+}
 36639 | Elf:3    | Identified the +0 helmet of Qetam {rCorr Dex+2}
 36788 | Elf:3    | Identified the Tome of Metal and Interference
 37270 | D:10     | Killed Newt's ghost
 37378 | Orc:1    | Killed siradein's ghost
 37570 | Orc:2    | Killed gebbletook2's ghost
 38468 | D:14     | Reached XP level 21. HP: 168/168 MP: 0/0
 38468 | D:14     | Learned a level 7 spell: Dragon Form
 38476 | D:14     | Acquired 695 gold pieces
 38538 | D:14     | Found a glowing golden altar of the Shining One.
 38839 | D:14     | Found a shadowy altar of Dithmenos.
 38948 | D:14     | Reached skill level 18 in Spellcasting
 38997 | D:14     | Found a gate to the Vaults.
 39234 | D:15     | Entered Level 15 of the Dungeon
 39243 | D:15     | Noticed Rupert
 39256 | D:15     | Killed Rupert
 39907 | D:15     | Found a staircase to the Depths.
 39916 | Depths:1 | Entered Level 1 of the Depths
 39916 | Depths:1 | Found a one-way gate leading to the halls of Pandemonium.
 40179 | Depths:1 | Found a gateway to Hell.
 40680 | Depths:1 | Reached skill level 10 in Unarmed Combat
 40779 | Depths:1 | Noticed a juggernaut
 40800 | Depths:1 | Killed a juggernaut
 40940 | Depths:1 | Acquired 850 gold pieces
 41132 | Depths:1 | Found a sparkling altar of Nemelex Xobeh.
 42188 | Depths:2 | Reached XP level 22. HP: 176/176 MP: 0/0
 42268 | Depths:2 | Found a broken altar of Ashenzari.
 42650 | Depths:2 | Noticed a juggernaut
 42847 | Depths:2 | Killed a juggernaut
 43095 | Depths:2 | Identified the +7 longbow of Fate {flame, rPois SInv
                  | Stlth+}
 43097 | Depths:2 | Identified the +7 war axe "Giantslayer" {antimagic, Stlth+}
 43136 | Depths:2 | Identified the +6 great sword "Zaemp" {freeze, rElec Str+2
                  | Int+3}
 43743 | Depths:3 | Found a one-way gateway to a ziggurat.
 43746 | Depths:3 | Reached skill level 19 in Spellcasting
 43812 | Depths:3 | Found Oriexuj's Pet Rocks.
 43870 | Depths:3 | Bought a tin of tremorstones (2/2) for 560 gold pieces
 43927 | Depths:3 | Found an ornate altar of the Wu Jian Council.
 44430 | Depths:3 | Killed from afar by a frost giant

Illustrated notes

Levels and vault maps discovered:
D:1:      amcnicky_arrival_abandoned_market, layout_loops_ring, minivault_26
D:2:      layout_rooms, basic_altar, shapermc_ecumenical_altar_mp_ritualfount,
          uniq_sigmund, uniq_terence
D:3:      layout_basic, minmay_starry_boxes
D:4:      layout_loops_ring, kennysheep_mini_moat
D:5:      layout_basic, mainiacjoe_overflow_small_starburst,
          minmay_temple_entry_arrows, minmay_fountain_box
D:6:      layout_gridville, minmay_liquid_box, uniq_eustachio, uniq_duvessa,
          uniq_grinder
D:7:      layout_rooms, fountainhead
D:8:      layout_rooms
D:9:      layout_irregular_city, overflow_temple_1_default, enter_bailey_5,
          serial_bayou_lake_a
D:10:     layout_irregular_city, trog_hazing_becter, lair_entry_dummy,
          david_orc_3, hellmonk_ghost_big_iron, kennysheep_generic_room_15
D:11:     layout_roguey [special_room_bee], the_hattery, uniq_nergalle,
          uniq_harold, uniq_lodul
D:12:     layout_roguey [special_room_orc], uniq_erolcha
D:13:     layout_basic
D:14:     layout_loops_ring, grunt_vaults_entry_fortified,
          nicolae_dithmenos_through_a_glass_darkly, nicolae_tso_carved_into_rock
D:15:     gammafunk_enter_depths_forms, layout_basic, minmay_tree_intersection,
          uniq_rupert
Lair:1:   layout_roguey
Lair:2:   layout_concentric_octagons, minmay_snake_entry_six_corridors,
          nicolae_quartered_pool_impasse, grunt_forest_large_clearings,
          serial_bayou_shore_b, infiniplex_staircase_pool_2,
          serial_bayou_shore_b
Lair:3:   cheibrodos_magma_flow, layout_chaotic_city, minmay_shoals_entry_hut,
          serial_bayou_shore_a, uniq_gastronok
Lair:4:   hellmonk_ruined_rings, layout_hall_layers, ebering_ghost_xom
Lair:5:   hellmonk_lair_end_abyssal_woods, layout_cave_pods,
          nicolae_slime_entry_slimehenge, uniq_urug
Shoals:1: layout_shoals, serial_nicolae_subway, nicolae_sub_station_stone,
          nicolae_sub_station_crystal, nicolae_sub_station_metal
Shoals:2: layout_shoals, nicolae_shoals_elemental_ambush
Shoals:3: argonaut_golden_fleece, layout_shoals
Shoals:4: shoals_end_grunt_ice, layout_shoals
Snake:1:  layout_misc_corridors, grunt_ministairs_11
Snake:2:  layout_chambers, drop_trap, nicolae_shop_vocational
Snake:3:  layout_rooms
Snake:4:  grunt_snake_rune_pools, layout_basic, serial_shops, shop_coins,
          nicolae_shop_overcharged_wands
Orc:1:    layout_diamond_mine, gammafunk_ghost_necromancy, hellmonk_jugg_or_not
Orc:2:    grunt_orc_tribal_feast, layout_caves,
          portal_ice_cave_entry_ice_simulacra,
          gammafunk_ghost_berserking_beasts, uniq_sonja
Elf:1:    eino_elf_arrival_shootout, layout_loops_ring, serial_shops,
          shop_statue, orc_legates, amcnicky_mini_corridor_feature
Elf:2:    nicolae_elf_blades_crystal_corner, layout_loops_cross,
          nicolae_shop_gadgets, uniq_jorgrun
Elf:3:    grunt_elf_hall_spiral, layout_loops_ring
Depths:1: layout_long_grid, hangedman_geh_valley, pan_entry, st_stairs_6,
          nemelex_xobeh_ov_fountains_minmay, kennysheep_random_hallway
Depths:2: minmay_the_grid_triangle_9x9_recursive_3_mashed
          [minmay_the_grid_triangle_9x9_semitri,
          minmay_the_grid_triangle_9x9_checkered,
          minmay_the_grid_triangle_9x9_warning,
          minmay_the_grid_triangle_9x9_prize_center,
          minmay_the_grid_triangle_9x9_negative_grid,
          minmay_the_grid_triangle_9x9_cache,
          minmay_the_grid_triangle_9x9_zippers_vertical,
          minmay_the_grid_triangle_9x9_steps,
          minmay_the_grid_triangle_9x9_empty], layout_twisted_cross,
          ashenzari_altar_1, rand_demon_pan_entry_8, grunt_hell_entry_dis_old
Depths:3: cross_vault, layout_gridlike, enter_ziggurat_e, abyss_entry,
          nicolae_wu_jian_immortal_techniques, hangedman_tar_grid_catacomb,
          guppyfry_shop_earth, minmay_shoptagon

Skill      XL: |  1  2  3  4  5  6  7  8  9 10 11 12 13 14 15 16 17 18 19 20 21 22 |
---------------+-------------------------------------------------------------------+-----
Fighting       | 1 2 3 4 5 8 10 12 15 16 17 18 | 18.3
Spellcasting   | 3 4 5 7 8 10 12 13 15 16 17 18 19 | 19.2
Dodging        | 5 6 9 10 11 13 15 | 15.3
Evocations     | 2 5 7 10 12 13 14 | 14.5
Armour         | 3 |  3.0
Stealth        | 3 4 |  4.2
Unarmed Combat | 3 5 7 12 13 | 13.4

Action                   |  1- 3 |  4- 6 |  7- 9 | 10-12 | 13-15 | 16-18 | 19-21 | 22-24 || total
-------------------------+-------+-------+-------+-------+-------+-------+-------+-------++-------
Melee: Short sword       |       |    20 |     4 |    55 |    66 |       |       |       ||   145
       Unarmed           |       |       |       |       |   219 |   947 |   784 |   140 ||  2090
       Tailslap          |       |       |       |       |       |       |    62 |    26 ||    88
       Bite              |       |       |       |       |       |       |    51 |    29 ||    80
       Punch             |       |       |       |       |       |       |    25 |    20 ||    45
 Cast: Foxfire           |    73 |    75 |    67 |   190 |   168 |     3 |       |       ||   576
       Scorch            |    12 |    35 |    30 |   106 |    66 |     8 |       |       ||   257
       Inner Flame       |       |     2 |     4 |    47 |    65 |     9 |    10 |       ||   137
       Flame Wave        |       |       |     4 |    26 |    71 |    61 |     1 |       ||   163
       Ensorcelled Hiber |       |       |     1 |     2 |     1 |       |       |       ||     4
       Shock             |       |       |       |     8 |     2 |       |       |       ||    10
       Alistair's Intoxi |       |       |       |     3 |     6 |    10 |     2 |     1 ||    22
       Confusing Touch   |       |       |       |     1 |     1 |       |       |       ||     2
       Conjure Flame     |       |       |       |     1 |       |       |       |       ||     1
       Irradiate         |       |       |       |       |    39 |    33 |     1 |       ||    73
       Corpse Rot        |       |       |       |       |     3 |     2 |     2 |       ||     7
       Statue Form       |       |       |       |       |    17 |    74 |    52 |       ||   143
       Enfeeble          |       |       |       |       |       |     1 |       |       ||     1
       Summon Hydra      |       |       |       |       |       |       |   196 |    21 ||   217
       Dragon Form       |       |       |       |       |       |       |    24 |    15 ||    39
Invok: Curse Item        |       |     1 |       |     3 |     1 |     1 |     1 |       ||     7
       Shatter the Chain |       |       |       |       |     1 |       |     2 |       ||     3
 Abil: Evoke Blink       |       |       |       |       |     5 |     4 |     5 |       ||    14
       Breathe Fire      |       |       |       |       |       |       |     2 |     1 ||     3
Evoke: Lightning rod     |       |       |       |     5 |    14 |    15 |     6 |       ||    40
       Wand              |       |       |       |     3 |     7 |     8 |     2 |       ||    20
       Phial of floods   |       |       |       |       |       |     2 |     1 |       ||     3
       Condenser vane    |       |       |       |       |       |       |     3 |     2 ||     5
       Phantom mirror    |       |       |       |       |       |       |     2 |     2 ||     4
       Box of beasts     |       |       |       |       |       |       |     2 |       ||     2
  Use: Potion            |     2 |     2 |       |     2 |     6 |     4 |     7 |     1 ||    24
       Scroll            |       |     7 |     5 |     7 |     7 |     4 |     7 |     3 ||    40
 Stab: Sleeping          |       |       |       |     3 |     6 |     8 |    11 |     3 ||    31
       Distracted        |       |       |       |       |     1 |     3 |    11 |       ||    15
       Confused          |       |       |       |       |       |     1 |       |       ||     1
       Petrifying        |       |       |       |       |       |       |       |     1 ||     1
       Petrified         |       |       |       |       |       |       |       |     1 ||     1
Armor: Robe              |     2 |    15 |    15 |    24 |    55 |       |       |       ||   111
       Leather armour    |       |       |     9 |    11 |       |       |       |       ||    20
       Skin              |       |       |       |       |   163 |   514 |   490 |    58 ||  1225
       Animal skin       |       |       |       |       |       |    16 |    17 |       ||    33
Dodge: Dodged            |    15 |    49 |    78 |   214 |   915 |  1670 |  1175 |    67 ||  4183
Block: Orb               |       |       |       |    34 |   204 |   363 |   216 |       ||   817
       Reflection        |       |       |       |     1 |     4 |    26 |    20 |       ||    51
       Other             |       |       |       |       |       |       |    41 |    24 ||    65

Table legend: (Time is in decaauts)
 A = Elapsed time spent in this place.
 B = Non-inter-level travel time spent in this place.
 C = Inter-level travel time spent in this place.
 D = Time resting spent in this place.
 E = Time spent auto-exploring this place.
 F = Levels seen in this place.
 G = Mean time per level.
                   A        B        C        D        E       F      G
               +--------+--------+--------+--------+--------+-----+--------+
         Total |  48401 |  46213 |   2188 |   1885 |  32737 |  38 | 1273.7 |
       Dungeon |  17314 |  16431 |    883 |   1018 |  12342 |  15 | 1154.3 |
          Lair |   7242 |   6724 |    518 |    403 |   4471 |   5 | 1448.4 |
        Shoals |   5362 |   5192 |    170 |     37 |   3685 |   4 | 1340.5 |
     Snake Pit |   4793 |   4647 |    146 |      0 |   3434 |   4 | 1198.2 |
  Orcish Mines |   2121 |   1819 |    302 |      0 |   1091 |   2 | 1060.5 |
   Elven Halls |   5409 |   5292 |    117 |     49 |   3432 |   3 | 1803.0 |
        Depths |   4458 |   4409 |     49 |    309 |   3257 |   3 | 1486.0 |
        Bailey |   1465 |   1465 |      0 |      0 |   1002 |   1 | 1465.0 |
      Ice Cave |    232 |    232 |      0 |     67 |     22 |   1 |  232.0 |
               +--------+--------+--------+--------+--------+-----+--------+

Top non-repeatable levels by time:
  Lair:5: 2274 daAuts
     D:1: 1984 daAuts
Depths:1: 1936 daAuts
Shoals:4: 1907 daAuts
   Elf:3: 1865 daAuts
   Elf:2: 1852 daAuts
Depths:2: 1794 daAuts
   Elf:1: 1691 daAuts
 Snake:2: 1578 daAuts
 Snake:4: 1560 daAuts
     D:3: 1532 daAuts
  Lair:4: 1503 daAuts
  Lair:3: 1498 daAuts
  Bailey: 1465 daAuts
     D:6: 1443 daAuts
